 Dungeon Crawl Stone Soup version 0.31.0-32-g396128a36d (webtiles) character file.

Game seed: 10627348958868435106

4245 Archion the Nimble (level 10, -7/79 HPs)
             Began as a Gnoll Wanderer on Apr 8, 2024.
             Was a Follower of Sif Muna.
             Shot with a bolt by an orc warrior (19 damage)
             ... on level 8 of the Dungeon on Apr 9, 2024.
             The game lasted 00:49:13 (13116 turns).

Archion the Nimble (Gnoll Wanderer)                Turns: 13116, Time: 00:49:14

Health: -7/79      AC:  9    Str:  9    XL:     10   Next: 30%
Magic:  8/21       EV: 15    Int: 27    God:    Sif Muna [*.....]
Gold:   283        SH:  0    Dex:  9    Spells: 11/23 levels left

rFire   + . .        P - +7 battleaxe
rCold   . . .        (shield currently unavailable)
rNeg    . . .        O - +0 steam dragon scales
rPois   .            J - +0 helmet
rElec   .            m - +0 cloak
rCorr   .            j - +0 pair of gloves
SInv    .            (no boots)
Will    .....        (no amulet)
Stlth   +++          l - ring of protection from fire
HPRegen 0.33/turn    K - +6 ring of intelligence
MPRegen 0.17/turn

%: no passive effects
@: no status effects
A: fangs 1, strong nose, distributed training
a: Renounce Religion, Channel Magic


You were on level 8 of the Dungeon.
You worshipped Sif Muna.
Sif Muna was aware of your devotion.
You visited 2 branches of the dungeon, and saw 9 of its levels.

You collected 283 gold pieces.

Inventory:

Hand Weapons
 s - a +0 war axe of electrocution
 E - a +0 antimagic dagger
 N - a +4 broad axe
 P - a +7 battleaxe (weapon)
 Q - a +5 halberd
 S - a +2 sling of electrocution
Missiles
 a - 6 javelins
 k - 62 stones
 q - 2 boomerangs
 r - 6 poisoned darts
 A - 5 atropa-tipped darts
 H - a curare-tipped dart
Armour
 d - a +0 robe
 j - a +0 pair of gloves (worn)
 m - a +0 cloak (worn)
 J - a +0 helmet (worn)
 O - +0 steam dragon scales (worn)
Magical Staves
 v - a staff of fire
Jewellery
 l - a ring of protection from fire (left hand)
 y - an amulet of guardian spirit
 K - a +6 ring of intelligence (right hand)
Wands
 b - a wand of roots (3)
 u - a wand of acid (1)
 B - a wand of charming (15)
 F - a wand of flame (26)
 R - a wand of mindburst (10)
Scrolls
 h - a scroll of silence {unknown}
 i - a scroll of fear {unknown}
 n - 2 scrolls of revelation
 p - a scroll of enchant weapon {unknown}
 w - 4 scrolls of identify
 C - a scroll of blinking {unknown}
 G - a scroll of fog {unknown}
 I - a scroll of poison {unknown}
 M - a scroll of summoning {unknown}
 T - a scroll of teleportation
Potions
 c - 2 potions of heal wounds
 e - 3 potions of curing
 g - a potion of resistance {unknown}
 o - a potion of brilliance {unknown}
 t - a potion of degeneration {unknown}
 x - 2 potions of attraction {unknown}
 z - a potion of might {unknown}
 D - 2 potions of mutation
 L - 2 potions of berserk rage


   Skills:
 + Level 7.1 Fighting
 + Level 5.3 Short Blades
 + Level 5.3 Long Blades
 + Level 5.3 Axes
 + Level 5.3 Maces & Flails
 + Level 5.3 Polearms
 + Level 5.3 Staves
 + Level 5.3 Ranged Weapons
 + Level 5.3 Throwing
 + Level 5.3 Armour
 + Level 10.1 Dodging
 + Level 5.3 Stealth
 + Level 5.3 Shields
 + Level 5.3 Unarmed Combat
 + Level 7.4 Spellcasting
 + Level 4.4 Conjurations
 + Level 4.4 Hexes
 + Level 4.4 Summonings
 + Level 4.4 Necromancy
 + Level 5.9 Translocations
 + Level 4.4 Fire Magic
 + Level 4.4 Ice Magic
 + Level 4.4 Air Magic
 + Level 4.4 Earth Magic
 + Level 4.4 Alchemy
 + Level 5.9 Invocations
 + Level 5.3 Evocations
 + Level 4.9 Shapeshifting


You had 11 spell levels left.
You knew the following spells:

 Your Spells              Type           Power      Damage    Failure   Level
a - Magic Dart            Conj           100%       1d8       1%          1
b - Foxfire               Conj/Fire      100%       2x1d9     1%          1
c - Call Imp              Summ           66%        N/A       1%          2
d - Summon Small Mammal   Summ           100%       N/A       1%          1
e - Apportation           Tloc           84%        N/A       1%          1
f - Blink                 Tloc           84%        N/A       1%          2
g - Manifold Assault      Tloc           42%        N/A       4%          4

Your spell library contained the following spells:

 Spells                   Type           Power      Damage    Failure   Level
 Necrotise                Necr           100%       1d9       1%          1
 Sting                    Conj/Alch      100%       1d9       1%          1
 Jinxbite                 Hex            66%        N/A       1%          2
 Lesser Beckoning         Tloc           84%        N/A       1%          2
 Yara's Violent Unravell  Hex/Alch       16%        3d8       26%         5
 Plasma Beam              Fire/Air       16%        2x1d28    80%         6
 Starburst                Conj/Fire      16%        6d6       80%         6
 Enfeeble                 Hex            16%        N/A       100%        7


Dungeon Overview and Level Annotations

Branches:
Dungeon (8/15)             Temple (1/1) D:6
   Lair: D:8-11

Altars:
Cheibriados
Dithmenos
Fedhas
Gozag
Hepliaklqana
Kikubaaqudgha
Makhleb
Nemelex Xobeh
Okawaru
Qazlal
Ru
Sif Muna
Trog
Uskayaw
Vehumet
Wu Jian
Xom
Yredelemnul
Zin
The Shining One

Shops:
D:2 (   D:4 :

Annotations:
D:3 exclusion: downstairs
D:4 Grinder
D:6 exclusion: downstairs


Innate Abilities, Weirdness & Mutations

You have very sharp teeth.
Your uncanny sense of smell can sniff out nearby items.
Your experience applies equally to all skills.


Message History

Space momentarily warps into an impossible shape!
You barely miss the orc warrior. You slash the orc priest!
You kill the orc priest!
Sif Muna accepts your kill.
The orc warrior shoots a bolt.
The bolt barely misses you.
Casting: Manifold Assault (dangerous; 4% risk of failure)
Confirm with . or Enter, or press ? or * to list all spells.
Space momentarily warps into an impossible shape!
You closely miss the orc warrior.
The orc warrior shoots a bolt.
The bolt barely misses you.
Unknown command.
Casting: Manifold Assault (dangerous; 4% risk of failure)
Confirm with . or Enter, or press ? or * to list all spells.
Space momentarily warps into an impossible shape!
You barely miss the orc warrior.
The orc warrior shoots a bolt.
The bolt hits you.
Unknown command.
Casting: Manifold Assault (dangerous; 4% risk of failure)
Confirm with . or Enter, or press ? or * to list all spells.
You conjure some foxfire!
The orc warrior shoots a bolt.
The bolt hits you!
The foxfire hits the orc warrior but does no damage.
The orc warrior is heavily wounded.
The foxfire hits the orc warrior.
The orc warrior is severely wounded.
Unknown command.
The orc warrior shoots a bolt.
The bolt hits you!
The orc warrior shoots a bolt.
The bolt hits you.
The orc warrior shoots a bolt.
The bolt hits you!
The orc warrior shoots a bolt.
The bolt closely misses you.
The orc warrior shoots a bolt.
The bolt hits you!
The orc warrior shoots a bolt.
The bolt barely misses you.
The orc warrior shoots a bolt.
The bolt hits you!
* * * LOW HITPOINT WARNING * * *
The orc warrior shoots a bolt.
The bolt hits you but does no damage.
The orc warrior shoots a bolt.
The bolt hits you!
* * * LOW HITPOINT WARNING * * *
There is a stone staircase leading down here.
Unknown command.
The orc warrior shoots a bolt.
The bolt hits you!!
You die...

##### ....### ##.... .....#
.#...............#
.................'
...##............#
...##..........#.#
...............#@#
...............#.#
..............##.#
.......##.##'###.#
.......##.....##.#
.......###....##.##########
##......o...o..o..........##
.#.#.#####.###....#######..##
.#'#.#####..###..## ##..#####


You could see an orc warrior.

Vanquished Creatures
  Joseph (D:7)
  Maggie (D:7)
  A troll (D:8)
  A wraith (D:7)
  A water moccasin (D:7)
  Duvessa (D:6)
  2 black bears
  A sky beast (D:8)
  An ice beast (D:5)
  2 orc warriors (D:7)
  4 phantoms
  A kobold brigand (D:6)
  2 scorpions
  A bullfrog (D:8)
  6 wights (D:7)
  Dowan (D:6)
  3 howler monkeys
  A bombardier beetle (D:5)
  A jelly (D:5)
  3 orc priests
  A hound (D:6)
  An orc wizard (D:7)
  An iguana (D:6)
  2 gnolls
  7 adders
  A shadow imp (D:7)
  A dart slug (D:5)
  A ribbon worm (D:3)
  19 orcs
  4 ball pythons
  8 endoplasms
  4 giant cockroaches
  6 goblins
  6 hobgoblins
  3 quokkas
  7 bats
  5 frilled lizards
  8 kobolds
  2 rats (D:1)
122 creatures vanquished.

Vanquished Creatures (collateral kills)
  A steam dragon (D:7)
  A black bear (D:4)
  A phantom (D:4)
  A bullfrog (D:7)
  2 scorpions
  3 wights (D:7)
  2 howler monkeys
  A jelly (D:4)
  A gnoll bouda (D:5)
  2 sleepcaps
  3 iguanas
  2 orc wizards (D:6)
  3 gnolls
  3 adders
  A dart slug (D:4)
  6 orcs
  2 goblins
  A quokka (D:4)
  2 ball pythons
  2 kobolds
40 creatures vanquished.

Vanquished Creatures (others)
  A wight (D:7)
  231 foxfires
232 creatures vanquished.

Grand Total: 394 creatures vanquished

Notes
Turn   | Place    | Note
-------+----------+-------------------------------------------
     0 | D:1      | Archion the Gnoll Wanderer began the quest for the Orb.
     0 | D:1      | Archion set off with the following items: a +0 club, a +0
                  | cloak, a potion of heal wounds, a +0 robe, a potion of
                  | curing; and the following spell memorised: Apportation; and
                  | the following spells available to memorise: Lesser
                  | Beckoning, Manifold Assault.
     0 | D:1      | Reached XP level 1. HP: 20/20 MP: 6/6
    84 | D:1      | Learned a level 1 spell: Magic Dart
   266 | D:1      | Reached XP level 2. HP: 26/26 MP: 0/7
   522 | D:1      | Reached skill level 5 in Spellcasting
   522 | D:1      | Reached XP level 3. HP: 6/31 MP: 1/9
   871 | D:1      | Learned a level 2 spell: Call Imp
   874 | D:1      | Learned a level 2 spell: Blink
  1346 | D:2      | Reached skill level 1 in Invocations
  1669 | D:2      | Reached skill level 1 in Short Blades
  1669 | D:2      | Reached skill level 1 in Long Blades
  1669 | D:2      | Reached skill level 1 in Axes
  1669 | D:2      | Reached skill level 1 in Maces & Flails
  1669 | D:2      | Reached skill level 1 in Polearms
  1669 | D:2      | Reached skill level 1 in Staves
  1669 | D:2      | Reached skill level 1 in Ranged Weapons
  1669 | D:2      | Reached skill level 1 in Throwing
  1669 | D:2      | Reached skill level 1 in Armour
  1669 | D:2      | Reached skill level 1 in Stealth
  1669 | D:2      | Reached skill level 1 in Shields
  1669 | D:2      | Reached skill level 1 in Unarmed Combat
  1669 | D:2      | Reached skill level 1 in Evocations
  1733 | D:2      | Found Bocamito's Weapon Shoppe.
  2064 | D:2      | Reached skill level 1 in Shapeshifting
  2064 | D:2      | Reached XP level 4. HP: 38/38 MP: 6/11
  2720 | D:3      | Reached skill level 1 in Conjurations
  2720 | D:3      | Reached skill level 1 in Hexes
  2720 | D:3      | Reached skill level 1 in Summonings
  2720 | D:3      | Reached skill level 1 in Necromancy
  2720 | D:3      | Reached skill level 1 in Fire Magic
  2720 | D:3      | Reached skill level 1 in Ice Magic
  2720 | D:3      | Reached skill level 1 in Air Magic
  2720 | D:3      | Reached skill level 1 in Earth Magic
  2720 | D:3      | Reached skill level 1 in Alchemy
  3585 | D:3      | Reached XP level 5. HP: 43/43 MP: 6/12
  3702 | D:3      | Learned a level 1 spell: Foxfire
  4113 | D:4      | Found an ornate altar of the Wu Jian Council.
  4379 | D:4      | Found a basalt altar of Yredelemnul.
  4448 | D:4      | Noticed a phantom
  4461 | D:4      | Killed a phantom
  4462 | D:4      | Reached skill level 5 in Fighting
  4462 | D:4      | Reached XP level 6. HP: 45/51 MP: 5/14
  4698 | D:4      | Found a glowing silver altar of Zin.
  4798 | D:4      | Noticed a black bear
  4801 | D:4      | Learned a level 1 spell: Summon Small Mammal
  4925 | D:4      | Noticed Grinder
  4956 | D:5      | Entered Level 5 of the Dungeon
  5014 | D:5      | Noticed an ice beast
  5593 | D:4      | Killed a black bear
  5594 | D:4      | Reached XP level 7. HP: 56/56 MP: 8/15
  5937 | D:4      | Found Faitude's Book Shoppe.
  5961 | D:4      | Found a sacrificial altar of Ru.
  6313 | D:5      | Reached skill level 9 in Dodging
  6938 | D:5      | Found an opulent altar of Gozag.
  6942 | D:5      | Reached XP level 8. HP: 63/63 MP: 16/16
  7831 | D:6      | Noticed Duvessa
  7831 | D:6      | Noticed Dowan
  8606 | D:6      | Found a staircase to the Ecumenical Temple.
  8623 | Temple   | Entered the Ecumenical Temple
  8651 | Temple   | Became a worshipper of Sif Muna the Loreminder
  9265 | D:6      | Killed Duvessa
  9265 | D:6      | Killed Dowan
  9266 | D:6      | Reached skill level 5 in Translocations
  9524 | D:6      | Reached XP level 9. HP: 43/69 MP: 9/18
  9902 | D:7      | Reached * piety under Sif Muna
 10077 | D:7      | Noticed Joseph
 10580 | D:7      | Noticed Maggie
 10768 | D:7      | Reached skill level 5 in Invocations
 11039 | D:7      | Found a snail-covered altar of Cheibriados.
 11077 | D:7      | Killed Maggie
 11099 | D:7      | Learned a level 4 spell: Manifold Assault
 11867 | D:7      | Reached skill level 5 in Short Blades
 11867 | D:7      | Reached skill level 5 in Long Blades
 11867 | D:7      | Reached skill level 5 in Axes
 11867 | D:7      | Reached skill level 5 in Maces & Flails
 11867 | D:7      | Reached skill level 5 in Polearms
 11867 | D:7      | Reached skill level 5 in Staves
 11867 | D:7      | Reached skill level 5 in Ranged Weapons
 11867 | D:7      | Reached skill level 5 in Throwing
 11867 | D:7      | Reached skill level 5 in Armour
 11867 | D:7      | Reached skill level 5 in Stealth
 11867 | D:7      | Reached skill level 5 in Shields
 11867 | D:7      | Reached skill level 5 in Unarmed Combat
 11867 | D:7      | Reached skill level 5 in Evocations
 11867 | D:7      | Reached XP level 10. HP: 77/77 MP: 8/20
 12041 | D:7      | Reached skill level 10 in Dodging
 12296 | D:7      | Killed Joseph
 13116 | D:8      | Shot with a bolt by an orc warrior

Illustrated notes

Levels and vault maps discovered:
D:1:      dpeg_arrival_chambers_temple_mockup, layout_basic
D:2:      layout_loops_ring, serial_shops, nicolae_shop_bloodbath_and_beyond
D:3:      layout_loops_corners, corexii_leaking_fountain
D:4:      layout_gridville, nicolae_ru_path_of_blood,
          pdpol_wu_jian_five_deadly_venoms, mainiacjoe_overflow_six_doors_small,
          nicolae_overflow_crystal_walls, serial_shops, shop,
          kennysheep_nondescript, minmay_surrounded, uniq_grinder
D:5:      layout_loops_ring, general_overflow_altar
D:6:      layout_basic, minmay_temple_entry_hall, small_statue_intersection,
          abandoned_shop, uniq_duvessa
D:7:      layout_basic, kennysheep_mini, uniq_maggie, uniq_joseph
D:8:      minmay_the_grid_octo_tiled_squarecenter [minmay_the_grid_octo_focus,
          minmay_the_grid_octo_77, minmay_the_grid_octo_clover,
          minmay_the_grid_octo_horde,
          minmay_the_grid_square_5x5_megaprize_diamond,
          minmay_the_grid_square_5x5_empty,
          minmay_the_grid_square_5x5_bracketed, minmay_the_grid_square_5x5_meh,
          minmay_the_grid_square_5x5_doubleslash], layout_basic
Temple:   nicolae_temple_great_sept

Skill      XL: |  1  2  3  4  5  6  7  8  9 10 |
---------------+-------------------------------+-----
Spellcasting   | 5 6 7 |  7.4
Invocations    | 1 2 3 4 5 |  5.9
Short Blades   | 1 2 3 5 |  5.3
Long Blades    | 1 2 3 5 |  5.3
Axes           | 1 2 3 5 |  5.3
Maces & Flails | 1 2 3 5 |  5.3
Polearms       | 1 2 3 5 |  5.3
Staves         | 1 2 3 5 |  5.3
Ranged Weapons | 1 2 3 5 |  5.3
Throwing       | 1 2 3 5 |  5.3
Armour         | 1 2 3 5 |  5.3
Stealth        | 1 2 3 5 |  5.3
Shields        | 1 2 3 5 |  5.3
Unarmed Combat | 1 2 3 5 |  5.3
Evocations     | 1 2 3 5 |  5.3
Shapeshifting  | 1 2 3 4 |  4.9
Conjurations   | 1 2 3 4 |  4.4
Hexes          | 1 2 3 4 |  4.4
Summonings     | 1 2 3 4 |  4.4
Necromancy     | 1 2 3 4 |  4.4
Fire Magic     | 1 2 3 4 |  4.4
Ice Magic      | 1 2 3 4 |  4.4
Air Magic      | 1 2 3 4 |  4.4
Earth Magic    | 1 2 3 4 |  4.4
Alchemy        | 1 2 3 4 |  4.4
Translocations | 4 5 |  5.9
Fighting       | 5 6 7 |  7.1
Dodging        | 9 10 | 10.1

Action                     |  1- 3 |  4- 6 |  7- 9 | 10-12 || total
---------------------------+-------+-------+-------+-------++-------
  Melee: Club              |     6 |       |       |       ||     6
         Dagger            |    80 |    21 |     2 |       ||   103
         Bite              |     8 |     3 |     3 |     2 ||    16
         Punch             |     1 |     1 |       |       ||     2
         Battleaxe         |       |       |    31 |    44 ||    75
         Broad axe         |       |       |    14 |       ||    14
   Cast: Magic Dart        |    96 |   106 |    47 |       ||   249
         Call Imp          |     3 |    20 |    46 |     5 ||    74
         Foxfire           |       |    25 |   100 |     9 ||   134
         Summon Small Mamm |       |    11 |   114 |    11 ||   136
         Manifold Assault  |       |       |    12 |    21 ||    33
 Invoke: Channel Magic     |       |       |       |     1 ||     1
  Evoke: Wand              |       |     1 |    18 |     3 ||    22
    Use: Scroll            |       |     2 |     3 |     1 ||     6
         Potion            |       |       |     3 |       ||     3
   Stab: Sleeping          |       |       |     1 |       ||     1
 Armour: Robe              |    47 |    38 |    78 |       ||   163
         Steam dragon scal |       |       |    38 |    46 ||    84
  Dodge: Dodged            |    89 |    52 |    82 |    33 ||   256
